cohdb
Replays
Latest Replays
All Replays
Popular Replays
Top Player Replays
Match Explorer
How It Works
Community
CoH3 Stats
Reddit
Sign in to upload your games and track your stats! →
Sign in with Steam
Match 35835132
Unlisted
Match 35835132
Overview
Messages
Build Orders
End
Panzergrenadier Squad
Kradschützen Motorcycle Team
Panzergrenadier Squad
Construct Light Support Kompanie
Panzergrenadier Squad
2.5-tonne Medical Truck
Fire Support Elements
Selects Italian Infantry
Selects Defensive Operations
Forward Retreat Point
Pak 38 Mechanized Group
Selects Prepared Positions
Pak 38 Anti-tank Gun Team
Construct Panzerarmee Kommand
Tungsten Core Ammunition
MuniekPL
|-J5D-| MAREK POLSKA
Husar
ivanrussov47
shibunkie
Reibenzgz
0
0
Comments
sign in to comment!
No comments posted yet!